 Dungeon Crawl Stone Soup version 0.19-a0-1224-g978f909 (webtiles) character file.

269 rjrrt the Chiller (level 6, -5/41 HPs)
             Began as a Merfolk Ice Elementalist on Aug 24, 2016.
             Slain by a centaur zombie (7 damage)
             ... in an ossuary.
             The game lasted 00:13:11 (3983 turns).

rjrrt the Chiller (Merfolk Ice Elementalist)        Turns: 3983, Time: 00:13:11

Health: -5/41      AC:  6    Str:  9    XL:     6   Next: 22%
Magic:  10/10      EV: 13    Int: 16    God:
Gold:   145        SH:  0    Dex: 14    Spells: 3 memorised, 3 levels left

rFire  . . .     SeeInvis .     a - +1 dagger (elec)
rCold  . . .     Gourm    .     i - +0 robe
rNeg   . . .     Faith    .     (no shield)
rPois  .         Spirit   .     l - +0 helmet
rElec  .         Dismiss  .     o - +1 cloak
rCorr  .         Reflect  .     (no gloves)
MR     .....     Harm     +     s - +0 pair of boots
Stlth  +++.......               p - amulet of harm
                                (no ring)
                                t - ring of stealth

@: no status effects
A: change form in water, swift swim
a: no special abilities


You were in an ossuary.
You were not hungry.

You visited 1 branch of the dungeon, and saw 4 of its levels.
You also visited: Ossuary.

You collected 145 gold pieces.

Inventory:

Hand Weapons
 a - a +1 dagger of electrocution (weapon)
Missiles
 e - 5 tomahawks (quivered)
Armour
 i - a +0 robe (worn)
 l - a +0 helmet (worn)
 n - a +0 ring mail
 o - a +1 cloak (worn)
 s - a +0 pair of boots (worn)
Jewellery
 p - an amulet of harm (around neck)
 t - a ring of stealth (left hand)
Scrolls
 g - a scroll of teleportation
 k - a scroll of random uselessness {unknown}
 m - a scroll of remove curse
 u - 3 scrolls of fear
Potions
 d - a potion of agility
 q - a potion of heal wounds {unknown}
 r - a potion of brilliance {unknown}
 v - a potion of cancellation
Books
 b - a book of Frost

   Spells                             Type                      Level
   a - Freeze                         Ice                          1
   b - Throw Frost                    Conjuration/Ice              2
   c - Ozocubu's Armour               Charms/Ice                   3
   d - Throw Icicle                   Conjuration/Ice              4
   e - Summon Ice Beast               Ice/Summoning                4
Comestibles
 c - 2 bread rations
 f - 2 beef jerkies
 h - 2 meat rations


   Skills:
 - Level 2.6 Dodging
 - Level 2.1 Stealth
 + Level 3.0 Spellcasting
   Level 0.7 Conjurations
 + Level 2.0 Summonings
 * Level 6.3 Ice Magic


You had 3 spell levels left.
You knew the following spells:

 Your Spells              Type           Power        Failure   Level  Hunger
a - Freeze                Ice            ###.         1%          1    #......
b - Summon Ice Beast      Ice/Summ       ###.....     38%         4    #####..
o - Ozocubu's Armour      Chrm/Ice       ##......     17%         3    ###....


Dungeon Overview and Level Annotations

Branches:
Dungeon (4/15)
 Temple: D:4-7

Altars:


Message History

The centaur zombie closely misses you.
A hobgoblin zombie comes into view.
The centaur zombie misses you.
The hobgoblin zombie moves out of view.
The centaur zombie completely misses you.
The hobgoblin zombie hits you.
* * * LOW HITPOINT WARNING * * *
The centaur zombie barely misses you. The centaur zombie hits you.
* * * LOW HITPOINT WARNING * * *
You feel better.
The centaur zombie barely misses you. x2
Unknown command.
A mummy comes into view.
The centaur zombie hits you.
* * * LOW HITPOINT WARNING * * *
There is a gate leading back out of this place here.
The centaur zombie hits you but does no damage.
The hobgoblin zombie closely misses you.
The centaur zombie hits you!
* * * LOW HITPOINT WARNING * * *
The centaur zombie hits you.
You die...

#..Z######..######...#
#...# #..# #...# #...#
#..# .#...#
#...#.####.M####M#...#
#..Z#............#...#
#.Z.#.####ZZ.....#...#
#.Z.# #.Z.....#...#
#...# #ZZZ....#...#
#...# #.@.....#.ZZ#
#...#........+####Z..#
#...#.####...# #Z..#
#...# #...# #...#
#...##############...#
#...Z.ZZ.Z...........#
#......Z..∩∩.........#
######################


You could see 2 mummies, 2 adder zombies, a hobgoblin zombie, 2 centaur zombies
and a human zombie.

Vanquished Creatures
  A centaur zombie (Ossuary)
  A giant frog skeleton (D:4)
  Jessica (D:3)
  A worker ant (D:3)
  4 adders
  3 worms
  2 dart slugs
  2 giant geckos
  11 orcs
  2 ball pythons
  8 bats
  3 giant cockroaches
  7 goblins
  9 hobgoblins
  A quokka (D:3)
  A giant newt (D:3)
  A goblin zombie (D:4)
  7 hobgoblin zombies (Ossuary)
  13 kobolds
  7 kobold zombies
  7 orc zombies (Ossuary)
  8 rats
  A rat zombie (Ossuary)
101 creatures vanquished.

Notes
Turn   | Place    | Note
-------+----------+-------------------------------------------
     0 | D:1      | rjrrt the Merfolk Ice Elementalist began the quest for the Orb.
     0 | D:1      | Reached XP level 1. HP: 13/13 MP: 3/3
   331 | D:1      | Reached XP level 2. HP: 19/19 MP: 1/5
   512 | D:1      | Reached skill level 4 in Ice Magic
  1021 | D:1      | Reached XP level 3. HP: 24/24 MP: 4/6
  1026 | D:1      | Learned a level 3 spell: Ozocubu's Armour
  1494 | D:2      | Found a faded altar of an unknown god.
  2157 | D:2      | Reached skill level 5 in Ice Magic
  2157 | D:2      | Reached XP level 4. HP: 30/30 MP: 7/7
  2302 | D:3      | Noticed Jessica
  2306 | D:3      | Killed Jessica
  2584 | D:3      | Reached XP level 5. HP: 29/35 MP: 0/9
  2597 | D:3      | Learned a level 4 spell: Summon Ice Beast
  3192 | D:4      | Reached skill level 1 in Summonings
  3435 | D:4      | Reached skill level 6 in Ice Magic
  3642 | D:4      | Found a sand-covered staircase.
  3660 | Ossuary  | Entered an ossuary
  3719 | Ossuary  | Reached XP level 6. HP: 39/41 MP: 10/10
  3983 | Ossuary  | HP: 2/41 [centaur zombie (8)]
  3983 | Ossuary  | Slain by a centaur zombie

Vault maps used:
D:1:      dpeg_arrival_stone_temple_mockup
D:2:      wad_crossroads, ecumenical_altar_2, first_bread
D:3:      nrook_mini_vaults, uniq_jessica
D:4:      enter_ossuary_3
Ossuary:  ossuary_tomb_1

Skill      XL: |  1  2  3  4  5  6 |
---------------+-------------------+-----
Ice Magic      | 4 5 6 |  6.3
Summonings     | 1 2 |  2.0
Spellcasting   | 3 |  3.0
Dodging        | |  2.6
Stealth        | |  2.1
Conjurations   | |  0.7

Action                   |  1- 3 |  4- 6 || total
-------------------------+-------+-------++-------
Melee: Unarmed           |     4 |       ||     4
       Dagger            |    39 |   103 ||   142
       Whip              |     1 |       ||     1
Throw: Stone             |    46 |    14 ||    60
       Tomahawk          |       |    11 ||    11
 Cast: Freeze            |    52 |    48 ||   100
  Use: Scroll            |       |     8 ||     8
       Potion            |       |     2 ||     2
 Stab: Sleeping          |     3 |     1 ||     4
  Eat: Chunk             |     5 |     5 ||    10
       Beef jerky        |       |     1 ||     1
Armor: Robe              |    27 |    31 ||    58
Dodge: Dodged            |    68 |    93 ||   161
